 Dungeon Crawl Stone Soup version 0.31-a0-844-gdc52ec4e09 (webtiles) character file.

Game seed: 10969671649112623905

20 LeprechaunX the Changeling (level 2, -4/18 HPs)
             Began as an Octopode Shapeshifter on Sept 28, 2023.
             Slain by Sigmund
             ... wielding a +0 scythe
              (12 damage)
             ... on level 2 of the Dungeon.
             The game lasted 00:00:51 (640 turns).

LeprechaunX the Changeling (Octopode Shapeshifter)   Turns: 640, Time: 00:00:51

Health: -4/18      AC:  1    Str: 21    XL:     2   Next: 79%
Magic:  0/0        EV: 18    Int: 12    God:
Gold:   71         SH:  0    Dex: 11    Spells: 1/1 levels left

rFire   . . .        k - +10 short sword "Xiamubok" {freeze, rN+ Will- MP-9 Str+8}
rCold   . . .        (no shield)
rNeg    + . .        (helmet currently unavailable)
rPois   .            (no amulet)
rElec   .            i - +5 ring of evasion
rCorr   .            (no ring)
SInv    .            (no ring)
Will    .....        (no ring)
Stlth   ++           (no ring)
HPRegen 0.23/turn    (no ring)
MPRegen 0.07/turn    (no ring)
                     (no ring)

%: no passive effects
@: beast-form
A: beast (slay +1), almost no armour, amphibious, 8 rings, camouflage 1,
gelatinous body 1, (nimble swimmer 1), tentacles
a: Begin Untransformation


You were on level 2 of the Dungeon.
You were a hulking beast.
You visited 1 branch of the dungeon, and saw 2 of its levels.

You collected 71 gold pieces.

Inventory:

Hand Weapons
 k - the +10 short sword "Xiamubok" (weapon) {freeze, rN+ Will- MP-9 Str+8}
   (You found it on level 2 of the Dungeon)

   Str+8:     It affects your strength (+8).
   rN+:       It protects you from negative energy.
   Will-:     It decreases your willpower.
   MP-9:      It affects your magic capacity (-9).
Missiles
 h - 3 javelins
Jewellery
 i - a +5 ring of evasion (left tentacle)
Talismans
 b - a beast talisman (active)
 c - a flux talisman
Scrolls
 d - a scroll of identify {unknown}
 e - a scroll of enchant weapon {unknown}
 f - a scroll of amnesia {unknown}
Potions
 a - a potion of lignification
 g - a potion of enlightenment {unknown}
 j - 2 potions of might {unknown}


   Skills:
 + Level 1.4 Fighting
 + Level 2.2 Dodging
 + Level 3.2 Unarmed Combat
 * Level 3.3 Shapeshifting


You had one spell level left.
You didn't know any spells.
Your spell library was empty.

Dungeon Overview and Level Annotations

Branches:
Dungeon (2/15)

Altars:

Annotations:
D:2 Sigmund


Innate Abilities, Weirdness & Mutations

You are a hulking beast.
Your limbs bulge with bestial killing power. (Slay +1)
You cannot wear most types of armour.
You are amphibious.
You can wear up to eight rings at the same time.
Your skin changes colour to match your surroundings (Stealth+).
Your rubbery body absorbs attacks. (AC +1, EV +1)
((You are camouflaged when in or above water. (Stealth+)))
You have tentacles for arms and can constrict up to eight enemies at once.


Message History

No target in view!
Okay, then.
Unknown command.
Unknown command.
You now have 71 gold pieces (gained 9).
Things that are here:
a +0 short sword; 5 stones; a kobold corpse
Found a leather armour.
A ball python comes into view.
Found 2 puce potions.
Found a stone staircase leading down.
A ball python is nearby!
A ball python is nearby!
Sigmund the Dreaded comes into view.
He is wielding a +0 scythe.
Found 6 stones.
Sigmund shouts!
Sigmund points at you and mumbles some strange words.
The puff of flame hits you!
Ouch! That really hurt!
The ball python hisses angrily.
You are too injured to fight recklessly!
You are too injured to fight recklessly!
You are too injured to fight recklessly!
You are too injured to fight recklessly!
You are too injured to fight recklessly!
You are too injured to fight recklessly!
You are too injured to fight recklessly!
You are too injured to fight recklessly!
You are too injured to fight recklessly!
You are too injured to fight recklessly!
You are too injured to fight recklessly!
You are too injured to fight recklessly!
You are too injured to fight recklessly!
There are monsters nearby!
There are monsters nearby!
The ball python bites you. The ball python closely misses you.
Sigmund hits you from afar with a +0 scythe!
Ouch! That really hurt!
You die...
Sigmund begins carving another notch in his scythe.

########## #.........
## #### #.........
..##...## #S........
........## #.........
.........# #h....[...
.........#####.........
.........##.....@......
........##..##......!.(
......>)...#######..##.
........#.#### ..>#
.............# #....
...........#.## #.#.
...........#..#


You could see Sigmund and a ball python.

Vanquished Creatures
  An adder (D:2)
  A goblin (D:1)
  4 jackals (D:1)
  2 frilled lizards (D:1)
  2 kobolds
  A rat (D:1)
11 creatures vanquished.

Notes
Turn   | Place    | Note
-------+----------+-------------------------------------------
     0 | D:1      | LeprechaunX the Octopode Shapeshifter began the quest for
                  | the Orb.
     0 | D:1      | Reached XP level 1. HP: 13/13 MP: 1/1
   183 | D:1      | Reached XP level 2. HP: 12/18 MP: 2/2
   214 | D:1      | Found a faded altar of an unknown god.
   616 | D:2      | Identified the +10 short sword "Xiamubok" {freeze, rN+
                  | Will- MP-9 Str+8}
   634 | D:2      | Noticed Sigmund
   640 | D:2      | Slain by Sigmund

Illustrated notes

Levels and vault maps discovered:
D:1:      tarquinn_simple_flora_water_b, layout_basic,
          ebering_ecumenical_altar_petrified
D:2:      layout_rooms, uniq_sigmund

Action                     || total
---------------------------++-------
  Melee: Unarmed           ||    17
         Constrict         ||     4
         Tentacles         ||     3
         Short sword       ||     1
   Stab: Sleeping          ||     4
 Armour: Skin              ||    12
  Dodge: Dodged            ||    15

Table legend: (Time is in decaauts)
 A = Elapsed time spent in this place.
 B = Non-inter-level travel time spent in this place.
 C = Inter-level travel time spent in this place.
 D = Time resting spent in this place.
 E = Time spent auto-exploring this place.
 F = Levels seen in this place.
 G = Mean time per level.
                   A        B        C        D        E       F      G
               +--------+--------+--------+--------+--------+-----+--------+
         Total |    637 |    575 |     62 |      0 |    492 |   2 |  318.5 |
       Dungeon |    637 |    575 |     62 |      0 |    492 |   2 |  318.5 |
               +--------+--------+--------+--------+--------+-----+--------+

Top non-repeatable levels by time:
     D:1: 586 daAuts
     D:2: 51 daAuts
